 Dungeon Crawl Stone Soup version 0.31-a0-868-g674d60d6f7 (webtiles) character file.

Game seed: 9565273989064987693

3468 Shayle the Insei (level 10, -3/76 HPs)
             Began as a Human Shapeshifter on Oct 11, 2023.
             Was a Believer of Ru.
             Slain by a two-headed ogre
             ... wielding a +0 giant club
              (19 damage)
             ... on level 10 of the Dungeon.
             The game lasted 00:27:55 (9673 turns).

Shayle the Insei (Human Shapeshifter)               Turns: 9673, Time: 00:27:55

Health: -3/76      AC: 12    Str: 20    XL:     10   Next: 27%
Magic:  2/12       EV: 14    Int: 17    God:    Ru [**....]
Gold:   488        SH:  5    Dex: 16    Spells: 5/12 levels left

rFire   . . .        m - +4 flail (protect)
rCold   . . .        x - +0 buckler
rNeg    . . .        j - +3 robe "Widohoh" {Rampage Int+5}
rPois   .            p - +1 helmet
rElec   .            v - +0 cloak {rCorr}
rCorr   +            y - +0 pair of gloves
SInv    .            f - +2 pair of boots
Will    .....        a - amulet of the acrobat
Stlth   +            l - ring of wizardry
HPRegen 0.32/turn    i - +6 ring of strength
MPRegen 0.13/turn

%: acrobat, rampage, wizardry (x1)
@: weakened
A: hated by all, subdued magic 1
a: Renounce Religion


You were on level 10 of the Dungeon.
You worshipped Ru.
Ru was pleased with you.
You visited 2 branches of the dungeon, and saw 12 of its levels.

You collected 488 gold pieces.

Inventory:

Hand Weapons
 m - a +4 flail of protection (weapon)
 z - a +2 vampiric dagger
Armour
 f - a +2 pair of boots (worn)
 j - the +3 robe "Widohoh" (worn) {Rampage Int+5}
   (You found it on level 6 of the Dungeon)

   Int+5:     It affects your intelligence (+5).
   Rampage:   It bestows one free step when moving towards enemies.
 p - a +1 helmet (worn)
 q - a +0 ring mail
 v - a +0 cloak of preservation (worn)
 x - a +0 buckler (worn)
 y - a +0 pair of gloves (worn)
 D - +1 steam dragon scales
Jewellery
 a - an amulet of the acrobat (around neck)
 i - a +6 ring of strength (right hand)
 l - a ring of wizardry (left hand)
 B - a ring of willpower
 E - a ring of wizardry
Talismans
 c - a beast talisman
 d - a flux talisman
Wands
 o - a wand of flame (28)
 u - a wand of mindburst (7)
Scrolls
 e - 4 scrolls of fog
 n - a scroll of identify
 r - a scroll of poison
 s - 3 scrolls of noise
 w - a scroll of vulnerability
Potions
 b - 3 potions of lignification
 h - 2 potions of enlightenment
 k - a potion of magic
 t - a potion of attraction
 C - 3 potions of might


   Skills:
 + Level 6.2 Fighting
 + Level 2.1 Armour
 - Level 6.0 Dodging
 - Level 4.0 Shields
 + Level 6.8 Unarmed Combat
 + Level 1.8 Spellcasting
 + Level 2.0 Conjurations
 + Level 2.0 Hexes
 + Level 2.1 Translocations
 + Level 0.6 Fire Magic
 + Level 6.4 Shapeshifting


You had 5 spell levels left.
You knew the following spells:

 Your Spells              Type           Power      Damage    Failure   Level
a - Apportation           Tloc           12%        N/A       3%          1
b - Dazzling Flash        Conj/Hex       12%        N/A       11%         3
c - Volatile Blastmotes   Fire/Tloc      8%         2d10      14%         3

Your spell library contained the following spells:

 Spells                   Type           Power      Damage    Failure   Level
 Necrotise                Necr           4%         1d4       9%          1
 Starburst                Conj/Fire      2%         6d3       100%        6
 Maxwell's Capacitive Co  Air            0%         ∞         100%        8
 Summon Small Mammal      Summ           Unusable   N/A       N/A         1

Dungeon Overview and Level Annotations

Branches:
Dungeon (12/15)            Temple (1/1) D:6
   Lair: D:8-11         Orc: D:9-12

Altars:
Ashenzari
Cheibriados
Dithmenos
Elyvilon
Gozag
Kikubaaqudgha
Makhleb
Nemelex Xobeh
Okawaru
Qazlal
Ru
Sif Muna
Trog
Uskayaw
Vehumet
Wu Jian
Xom
Zin
The Shining One

Shops:
D:5 (

Annotations:
D:6 1 runed translucent door, exclusion: upstairs, Shayle's ghost, amateur HuSh
D:10 Snorg
D:11 1 runed translucent door


Innate Abilities, Weirdness & Mutations

You are hated by all.
Your spells are a little easier to cast, but a little less powerful.


Message History

Press: ? - help, Dir - look around, f - activate The gnoll is dazzled.
The two-headed ogre is dazzled.
The gnoll is dazzled.
The wyvern is dazzled.
Your attacks no longer feel as feeble.
You block the gnoll's attack. The gnoll closely misses you.
The gnoll bouda hits you but does no damage.
The gargoyle hits you but does no damage.
The two-headed ogre hits you with a +0 giant club!
The two-headed ogre completely misses you.
Unknown command.
You completely miss the gargoyle. The gnoll barely misses you.
The gnoll closely misses you.
The gnoll bouda gazes fiercely through you!
You feel your attacks grow feeble. The gnoll bouda barely misses you.
The gargoyle hits you with a +1 morningstar of protection!!
You block the gnoll's attack.
The two-headed ogre hits you with a +0 giant club!!
* * * LOW HITPOINT WARNING * * *
The two-headed ogre barely misses you.
Unknown command.
Okay, then.
Casting: Dazzling Flash (dangerous; 11% risk of failure)
Confirm with . or Enter, or press ? or * to list all spells.
Okay, then.
Okay, then.
Okay, then.
Okay, then.
Okay, then.
Unknown command.
You barely miss the gargoyle.
The gnoll bouda calls upon its god to heal the gnoll.
The gnoll is healed somewhat.
The gargoyle barely misses you. You block the gnoll's attack.
The gnoll barely misses you.
The gnoll bouda hits you but does no damage.
Snorg the Insatiable comes into view.
The gargoyle closely misses you.
The two-headed ogre completely misses you.
The two-headed ogre hits you with a +0 giant club!!
You die...

.. .# ..# .# # .#
.... .# #.. ..#
....#####.#...# ...#
#..)$#>....# #...#
#......#######..#
#..#..)lg.gl....#.#
#.....T####gO.....#
#......?...g.@#...#..
.........#####9.#.#
#........# .## #
#......... ##
#.........#
#........##
#.......##


You could see Snorg (wandering), a two-headed ogre (blind), a wyvern (blind), a
gargoyle, a gnoll bouda and 2 gnolls.

Vanquished Creatures
  A vampire (D:11)
  A wyvern (D:6)
  3 steam dragons
  2 orc warriors
  2 water moccasins (D:5)
  2 black bears
  A sky beast (D:7)
  2 ice beasts
  4 ogres
  2 gnoll sergeants
  3 scorpions
  3 wights (D:7)
  3 howler monkeys (D:11)
  3 electric eels (D:6)
  A jelly (D:8)
  6 orc priests
  A sleepcap (D:6)
  Crazy Yiuf (D:7)
  A hound (D:6)
  3 iguanas
  8 orc wizards
  15 gnolls
  6 adders
  A white imp (D:5)
  2 dart slugs
  26 orcs
  8 ball pythons
  8 endoplasms
  5 giant cockroaches
  4 goblins
  7 hobgoblins
  3 jackals (D:3)
  6 quokkas
  8 bats
  4 frilled lizards
  10 kobolds
  3 rats
169 creatures vanquished.

Vanquished Creatures (others)
  A sky beast (D:6)
  An orc (D:6)
2 creatures vanquished.

Grand Total: 171 creatures vanquished

Notes
Turn   | Place    | Note
-------+----------+-------------------------------------------
     0 | D:1      | Shayle the Human Shapeshifter began the quest for the Orb.
     0 | D:1      | Reached XP level 1. HP: 15/15 MP: 1/1
   119 | D:1      | Found a faded altar of an unknown god.
   126 | D:1      | Reached XP level 2. HP: 21/21 MP: 2/2
   392 | D:1      | Reached XP level 3. HP: 26/26 MP: 3/3
   928 | D:2      | Learned a level 1 spell: Apportation
  1007 | D:2      | Reached XP level 4. HP: 33/33 MP: 4/4
  1300 | D:2      | Reached XP level 5. HP: 25/38 MP: 5/5
  1605 | D:3      | Found a shadowy altar of Dithmenos.
  1672 | D:3      | Found a glowing silver altar of Zin.
  2496 | D:4      | Reached skill level 1 in Shields
  2496 | D:4      | Reached XP level 6. HP: 46/46 MP: 6/6
  2530 | D:4      | Found an ancient bone altar of Kikubaaqudgha.
  2611 | D:4      | Noticed a steam dragon
  2616 | D:4      | Killed a steam dragon
  2823 | D:4      | Found an opulent altar of Gozag.
  2883 | D:5      | Entered Level 5 of the Dungeon
  2883 | D:5      | Found Faddas's Weapon Emporium.
  2906 | D:5      | Noticed a black bear
  2930 | D:5      | Killed a black bear
  2931 | D:5      | Reached XP level 7. HP: 32/52 MP: 7/7
  3216 | D:5      | Noticed a water moccasin
  3235 | D:5      | Killed a water moccasin
  4063 | D:5      | Reached XP level 8. HP: 49/60 MP: 8/8
  4196 | D:5      | Reached skill level 5 in Unarmed Combat
  4420 | D:6      | Noticed a wyvern
  4441 | D:6      | Killed a wyvern
  4442 | D:6      | Reached skill level 5 in Shapeshifting
  4621 | D:5      | Noticed a rust devil
  4621 | D:5      | Noticed a rust devil
  4957 | D:6      | Found a runed translucent door.
  4957 | D:6      | Found a shimmering altar of Xom.
  4957 | D:6      | Noticed Shayle's ghost (amateur HuSh)
  4957 | D:6      | Noticed a +2 war axe of chaos
  5030 | D:6      | Reached skill level 5 in Dodging
  5030 | D:6      | Reached XP level 9. HP: 46/66 MP: 9/9
  5040 | D:6      | Gained mutation: Your spells are a little easier to cast,
                  | but a little less powerful. [potion of mutation]
  5052 | D:6      | HP: 1/100 [orc priest/divine providence (13)]
  5290 | D:6      | Identified the +3 robe "Widohoh" {Rampage Int+5}
  5348 | D:6      | Reached skill level 5 in Fighting
  6303 | D:6      | Found a sparkling altar of Nemelex Xobeh.
  7078 | D:6      | Found a staircase to the Ecumenical Temple.
  7087 | Temple   | Entered the Ecumenical Temple
  7092 | Temple   | Became a worshipper of Ru the Awakened
  7271 | D:6      | Learned a level 3 spell: Dazzling Flash
  7649 | D:7      | Found a hide-covered altar of Uskayaw.
  7649 | D:7      | Found a burning altar of Makhleb.
  7972 | D:7      | Found a runed translucent door.
  7973 | D:7      | Noticed Crazy Yiuf
  7980 | D:7      | Killed Crazy Yiuf
  8129 | D:7      | Reached skill level 1 in Armour
  8177 | D:7      | Reached skill level 1 in Conjurations
  8177 | D:7      | Reached skill level 1 in Translocations
  8187 | D:7      | Reached skill level 1 in Spellcasting
  8187 | D:7      | Reached skill level 1 in Hexes
  8315 | D:8      | Reached XP level 10. HP: 76/76 MP: 11/11
  8761 | D:8      | Identified the +0 scale mail of the Transmuting Gods
                  | {rCorr}
  8905 | D:8      | Noticed a two-headed ogre
  9202 | D:8      | You fall into a shaft and drop 3 floors!
  9207 | D:11     | Learned a level 3 spell: Volatile Blastmotes
  9221 | D:11     | Found a runed translucent door.
  9221 | D:11     | Noticed a skeletal warrior
  9231 | D:11     | Noticed a boulder beetle
  9234 | D:11     | Gained mutation: You are hated by all. [Ru sacrifice]
  9234 | D:11     | Reached * piety under Ru
  9234 | D:11     | Reached ** piety under Ru
  9240 | D:12     | Noticed a komodo dragon
  9240 | D:12     | Noticed a two-headed ogre
  9509 | D:11     | Noticed a red ugly thing
  9655 | D:10     | Entered Level 10 of the Dungeon
  9665 | D:10     | Noticed a gargoyle
  9666 | D:10     | Noticed a two-headed ogre
  9673 | D:10     | Noticed Snorg
  9673 | D:10     | Slain by a two-headed ogre

Illustrated notes

Levels and vault maps discovered:
D:1:      nzn_arrival_settlement, layout_basic,
          hellmonk_ecumenical_altar_pennies_from_heaven
D:2:      cheibrodos_pilgrimage, layout_basic
D:3:      layout_loops_ring, nicolae_dithmenos_the_darkroom, zin_scriptorium,
          minivault_25
D:4:      layout_cave_pools, amcnicky_altar_gilded, grunt_gozag_statues
D:5:      cheibrodos_iron_armory, layout_gridville, serial_shops,
          nicolae_diamond_shop, minivault_14
D:6:      layout_gridville, nemelex_spade_bored_becter,
          minmay_temple_entry_water_ring, ebering_ghost_xom,
          serial_bayou_lagoon_b
D:7:      layout_basic, gammafunk_temple_overflow_wave,
          minmay_tree_intersection, uniq_crazy_yiuf_cottage
D:8:      layout_loops_cross
D:10:     layout_rooms, lair_entry_dummy, nzn_ghost_randoct, uniq_snorg
D:11:     layout_rooms, orc_0_dummy, muffindrake_ghost_dual_entry, serial_shops,
          shop
D:12:     minmay_the_grid_triangle_9x9_recursive_2_mashed
          [minmay_the_grid_triangle_9x9_prize_schism,
          minmay_the_grid_triangle_9x9_windchime,
          minmay_the_grid_triangle_9x9_zippers_horizontal,
          minmay_the_grid_triangle_9x9_thin_v], layout_rooms, uniq_urug
Temple:   minmay_freezing_vapour_temple

Skill      XL: |  1  2  3  4  5  6  7  8  9 10 |
---------------+-------------------------------+-----
Fighting       | 2 3 4 6 |  6.2
Dodging        | 3 4 5 6 |  6.0
Shields        | 1 2 3 4 |  4.0
Unarmed Combat | 4 5 6 |  6.8
Shapeshifting  | 4 5 6 |  6.4
Armour         | 1 2 |  2.1
Conjurations   | 1 2 |  2.0
Translocations | 1 2 |  2.1
Spellcasting   | 1 |  1.8
Hexes          | 1 2 |  2.0
Fire Magic     | |  0.6

Action                     |  1- 3 |  4- 6 |  7- 9 | 10-12 || total
---------------------------+-------+-------+-------+-------++-------
  Melee: Unarmed           |    97 |   116 |       |       ||   213
         Punch             |     1 |     1 |       |       ||     2
         Dagger            |       |    35 |   233 |       ||   268
         Flail             |       |       |   190 |    78 ||   268
   Cast: Volatile Blastmot |       |       |       |     3 ||     3
         Dazzling Flash    |       |       |       |     1 ||     1
 Invoke: Sacrifice Love    |       |       |       |     1 ||     1
Ability: Begin Untransform |       |       |     1 |       ||     1
  Evoke: Wand              |       |       |     6 |    15 ||    21
    Use: Scroll            |       |     2 |    20 |     1 ||    23
         Potion            |       |       |     5 |     2 ||     7
   Stab: Sleeping          |     1 |       |       |     1 ||     2
 Armour: Animal skin       |    24 |       |       |       ||    24
         Ring mail         |    15 |    62 |       |       ||    77
         Steam dragon scal |       |    15 |    72 |       ||    87
         Skin              |       |       |     4 |     5 ||     9
         Robe              |       |       |   165 |   102 ||   267
  Dodge: Dodged            |    58 |    70 |   271 |    93 ||   492
  Block: Buckler           |       |    18 |    90 |    25 ||   133

Table legend: (Time is in decaauts)
 A = Elapsed time spent in this place.
 B = Non-inter-level travel time spent in this place.
 C = Inter-level travel time spent in this place.
 D = Time resting spent in this place.
 E = Time spent auto-exploring this place.
 F = Levels seen in this place.
 G = Mean time per level.
                   A        B        C        D        E       F      G
               +--------+--------+--------+--------+--------+-----+--------+
         Total |   9808 |   9330 |    478 |   3016 |   3530 |  12 |  817.3 |
       Dungeon |   9797 |   9319 |    478 |   3016 |   3530 |  11 |  890.6 |
        Temple |     10 |     10 |      0 |      0 |      0 |   1 |   10.0 |
               +--------+--------+--------+--------+--------+-----+--------+

Top non-repeatable levels by time:
     D:6: 2312 daAuts
     D:7: 2070 daAuts
     D:5: 1439 daAuts
     D:4: 1011 daAuts
     D:2: 827 daAuts
     D:3: 791 daAuts
     D:1: 651 daAuts
    D:11: 464 daAuts
     D:8: 209 daAuts
    D:10: 18 daAuts
  Temple: 10 daAuts
    D:12: 1 daAuts
